 Dungeon Crawl Stone Soup version 0.23.1-38-g628c18f423 (webtiles) character file.

Game seed: 15124994514720703117

13308 Oninnaise the Fighter (level 11, -82/90 HPs)
             Began as a Demonspawn Fighter on Mar 29, 2019.
             Annihilated by a titanic slime creature (96 damage)
             ... on level 12 of the Dungeon.
             The game lasted 00:29:31 (15956 turns).

Oninnaise the Fighter (Demonspawn Fighter)         Turns: 15956, Time: 00:29:32

Health: -82/90     AC: 22    Str: 21    XL:     11   Next: 73%
Magic:  0/11       EV:  8    Int: 11    God:
Gold:   593        SH: 11    Dex: 12    Spells: 10/10 levels left

rFire    + . .     SeeInvis .   g - +6 mace (protect)
rCold    + + .     Gourm    .   c - +0 shield
rNeg     . . .     Faith    .   b - +4 scale mail
rPois    .         Spirit   +   (helmet restricted)
rElec    .         Reflect  .   h - scarf {rC+ rF+}
rCorr    .         Harm     .   p - +0 pair of gloves
MR       .....                  (no boots)
Stlth    ..........             (no amulet)
HPRegen  0.25/turn              e - ring of protection from cold
MPRegen  0.12/turn              (no ring)

@: protection aura, heavily drained
A: horns 2, slimy green scales 1, clever 1, magic shield, MP-powered wands
a: no special abilities


You were on level 12 of the Dungeon.
You were not hungry.

You visited 1 branch of the dungeon, and saw 12 of its levels.
You also visited: Sewer.

You collected 593 gold pieces.

Inventory:

Hand Weapons
 g - a +6 mace of protection (weapon)
Armour
 b - a +4 scale mail (worn)
 c - a +0 shield (worn)
 h - a scarf of resistance (worn)
 p - a +0 pair of gloves (worn)
Jewellery
 e - a ring of protection from cold (left hand)
 v - a +4 ring of dexterity {unknown}
 w - the amulet of the Four Winds {rN+ MR+++ Clar}
   (You found it on level 4 of the Dungeon)

   [amulet of nothing]

   It protects you from negative energy.
   It affects your resistance to hostile enchantments.
   It protects you against confusion.
 y - an uncursed ring of protection from magic {unknown}
 B - an uncursed ring of ice {unknown}
Wands
 m - a wand of flame (27)
 n - a wand of scattershot (4)
 t - a wand of enslavement (11)
 u - a wand of iceblast (10)
 x - a wand of disintegration (18)
 A - a wand of random effects (19)
 E - a wand of acid (8)
Scrolls
 d - a scroll of immolation
 i - 5 scrolls of remove curse
 k - 6 scrolls of teleportation
 C - a scroll of fear
 F - a scroll of amnesia
Potions
 a - 3 potions of flight
 j - a potion of ambrosia
 l - 5 potions of curing
 o - a potion of brilliance
 r - a potion of berserk rage
 s - a potion of agility
 G - a potion of invisibility {unknown}
Comestibles
 f - 6 rations


   Skills:
 + Level 9.8(8.0) Fighting
 + Level 9.3(7.6) Maces & Flails
 + Level 9.3(7.6) Armour
 - Level 0.3(0.0) Dodging
 - Level 0.6(0.0) Stealth
 + Level 9.1(7.4) Shields


You had 10 spell levels left.
You didn't know any spells.
Your spell library contained the following spells:

 Spells                   Type           Power        Failure   Level  Hunger
 Corona                   Hex            #......      93%         1    ##.....
 Sting                    Conj/Pois      #...         93%         1    ##.....
 Poisonous Vapours        Pois/Air       #.....       98%         2    ###....
 Slow                     Hex            #.......     98%         2    ###....
 Inner Flame              Hex/Fire       #.......     100%        3    ####...
 Mephitic Cloud           Conj/Pois/Air  #.......     100%        3    ####...
 Portal Projectile        Hex/Tloc       #.....       100%        3    ####...
 Cause Fear               Hex            #.........   100%        4    #####..
 Leda's Liquefaction      Hex/Erth       #.........   100%        4    #####..
 Olgreb's Toxic Radiance  Pois           #.......     100%        4    #####..
 Venom Bolt               Conj/Pois      #.........   100%        5    ######.


Dungeon Overview and Level Annotations

Branches:
Dungeon (12/15)            Temple (0/1) D:4            Lair (0/6) D:8
    Orc (0/2) D:11

Altars:
Ashenzari
Cheibriados
Dithmenos
Elyvilon
Kikubaaqudgha
Okawaru
Ru
Vehumet
Zin
The Shining One


Innate Abilities, Weirdness & Mutations

You have a pair of horns on your head.
You are partially covered in slimy green scales. (AC +2)
When hurt, damage is shared between your health and your magic reserves.
Your mind is acute. (Int +2)
You expend magic power (3 MP) to strengthen your wands.


Message History

The titanic slime creature is heavily wounded.
The howler monkey hoots and howls with incredible vigour!
The titanic slime creature hits you but does no damage.
Your magical contamination has completely faded away.
You sock the titanic slime creature!
The titanic slime creature is heavily wounded.
You block the titanic slime creature's attack.
You sock the titanic slime creature!
The titanic slime creature is severely wounded.
The titanic slime creature barely misses you.
You barely miss the titanic slime creature.
The titanic slime creature is severely wounded.
The titanic slime creature hits you!!!
Ouch! That really hurt!
* * * LOW HITPOINT WARNING * * *
Your shield and scale mail prevent you from hitting the titanic slime creature.
The titanic slime creature is severely wounded.
The titanic slime creature hits you!!!!
Ouch! That really hurt!
You die...

.....# .....## ....†.# ...
......# ...# ....#.###
#..## ...##...########
##..#.# ..##..##.......##
##....# #
.##..##.........####.....#
##
.#..##..........@Jh.....#
#.
..###.........####o...###
##. .# ##.........#
###..## #.. . #..........#
##..## ###.. #..........#
##..#####.... ##........##
##..##...... #........#
#.......... ##......##
#........... ##....##
#..#........


You could see a titanic slime creature, a howler monkey and an orc.

Vanquished Creatures
  Harold (D:7)
  Erica (D:11)
  A two-headed ogre (D:11)
  Maurice (D:9)
  2 trolls
  A spriggan (D:7)
  A wraith (D:12)
  11 yaks
  2 hungry ghosts (D:11)
  3 two-headed ogre zombies (D:11)
  Edmund (D:5)
  An acid dragon (D:12)
  A soldier ant (D:11)
  3 ice beasts
  4 orc warriors
  A phantom (D:11)
  A black bear (D:6)
  A necrophage (D:9)
  8 centaurs
  5 ogres
  A crocodile (D:12)
  4 big kobolds
  5 bullfrogs
  A gnoll sergeant (D:10)
  A water moccasin zombie (D:9)
  6 scorpions
  30 killer bees
  5 wights (D:10)
  3 howler monkeys
  5 centaur zombies
  3 crimson imps (D:5)
  2 centaur skeletons
  4 hounds
  A quasit (D:8)
  Crazy Yiuf (D:7)
  8 orc priests
  A bullfrog skeleton (D:11)
  3 jellies
  A gnoll shaman (D:9)
  Jessica (D:3)
  3 iguanas
  10 worker ants
  11 orc wizards
  5 ogre zombies (D:11)
  3 hound zombies
  2 worker ant zombies
  15 gnolls
  A howler monkey skeleton (D:5)
  13 adders
  8 river rats (Sewer)
  3 shadow imps
  An ooze (D:1)
  An adder zombie (D:5)
  3 worms
  4 dart slugs
  15 leopard geckos
  31 orcs
  8 bats
  5 giant cockroaches
  3 hobgoblins
  3 jackals (D:3)
  2 quokkas
  3 ball pythons (Sewer)
  4 frilled lizards
  7 goblins
  4 goblin zombies (D:11)
  2 hobgoblin skeletons (D:11)
  A hobgoblin zombie (D:11)
  33 kobolds
  A leopard gecko skeleton (D:7)
  3 orc skeletons (D:11)
  15 orc zombies (D:11)
  20 rats
379 creatures vanquished.

Notes
Turn   | Place    | Note
-------+----------+-------------------------------------------
     0 | D:1      | Oninnaise the Demonspawn Fighter began the quest for the
                  | Orb.
     0 | D:1      | Reached XP level 1. HP: 18/18 MP: 1/1
   197 | D:1      | Found a shattered altar of Ashenzari.
   220 | D:1      | Gained mutation: When hurt, damage is shared between your
                  | health and your magic reserves. [demonic ancestry]
   220 | D:1      | Reached XP level 2. HP: 18/24 MP: 2/2
   912 | D:2      | Gained mutation: You have a pair of small horns on your
                  | head. [demonic ancestry]
   912 | D:2      | Reached XP level 3. HP: 28/29 MP: 3/3
  1953 | D:3      | Reached XP level 4. HP: 35/35 MP: 4/4
  1987 | D:3      | Found a shadowy altar of Dithmenos.
  2096 | D:3      | Noticed Jessica
  2103 | D:3      | Killed Jessica
  2229 | D:3      | Gained mutation: You have a pair of horns on your head.
                  | [demonic ancestry]
  2229 | D:3      | Reached XP level 5. HP: 41/41 MP: 5/5
  2668 | D:4      | Found a staircase to the Ecumenical Temple.
  3219 | D:4      | Gained mutation: You are partially covered in slimy green
                  | scales. (AC +2) [demonic ancestry]
  3219 | D:4      | Reached XP level 6. HP: 46/48 MP: 6/6
  3747 | D:4      | Found the amulet of the Four Winds {rN+ MR+++ Clar}
  3767 | D:4      | Found an iron altar of Okawaru.
  3797 | D:5      | Entered Level 5 of the Dungeon
  4403 | D:5      | Reached XP level 7. HP: 46/54 MP: 4/7
  5034 | D:5      | Reached skill level 5 in Armour
  5349 | D:5      | Noticed Edmund
  5370 | D:5      | Reached skill level 5 in Maces & Flails
  5401 | D:5      | Reached XP level 8. HP: 51/61 MP: 8/8
  5432 | D:5      | Killed Edmund
  5432 | D:5      | Reached skill level 5 in Fighting
  5587 | D:5      | Reached skill level 5 in Shields
  5635 | D:5      | Found a glowing silver altar of Zin.
  6258 | D:6      | Found a glowing golden altar of the Shining One.
  6539 | D:6      | Found a glowing drain.
  6560 | Sewer    | Entered a sewer
  6612 | Sewer    | Gained mutation: You expend magic power (3 MP) to
                  | strengthen your wands. [potion of mutation]
  6612 | Sewer    | Gained mutation: Your mind is acute. (Int +2) [potion of
                  | mutation]
  7952 | D:7      | Reached XP level 9. HP: 69/69 MP: 9/9
  8133 | D:7      | Noticed Harold
  8163 | D:7      | Killed Harold
  8977 | D:7      | Found a runed translucent door.
  8978 | D:7      | Noticed Crazy Yiuf
  8983 | D:7      | Killed Crazy Yiuf
 10031 | D:8      | Found a staircase to the Lair.
 10231 | D:8      | Found a snail-covered altar of Cheibriados.
 10268 | D:8      | Found a sacrificial altar of Ru.
 10268 | D:8      | Found a radiant altar of Vehumet.
 10383 | D:9      | Noticed a troll
 10394 | D:9      | Killed a troll
 10394 | D:9      | Reached XP level 10. HP: 47/79 MP: 6/10
 11620 | D:9      | Noticed Maurice
 11645 | D:9      | Killed Maurice
 12443 | D:10     | Entered Level 10 of the Dungeon
 13379 | D:10     | Reached XP level 11. HP: 23/87 MP: 4/11
 13824 | D:11     | Found an ancient bone altar of Kikubaaqudgha.
 13877 | D:11     | Noticed Erica
 13886 | D:11     | Killed Erica
 13917 | D:11     | Found a staircase to the Orcish Mines.
 14190 | D:11     | Found a white marble altar of Elyvilon.
 14408 | D:11     | Noticed a two-headed ogre
 14421 | D:11     | Killed a two-headed ogre
 15725 | D:12     | Noticed a death knight
 15725 | D:12     | Noticed a skeletal warrior
 15725 | D:12     | Noticed a skeletal warrior
 15730 | D:12     | Noticed a phantasmal warrior
 15956 | D:12     | Annihilated by a titanic slime creature

Skill      XL: |  1  2  3  4  5  6  7  8  9 10 11 |
---------------+----------------------------------+-----
Maces & Flails | 2 3 4 5 6 7 8 9 |  9.3
Shields        | 3 4 5 6 8 9 |  9.1
Armour         | 3 4 5 6 7 8 9 |  9.3
Fighting       | 4 6 7 8 9 |  9.8
Dodging        | |  0.3
Stealth        | |  0.6

Action                   |  1- 3 |  4- 6 |  7- 9 | 10-12 || total
-------------------------+-------+-------+-------+-------++-------
Melee: Flail             |    74 |       |       |       ||    74
       Mace              |    25 |    96 |   446 |   742 ||  1309
       Headbutt          |     4 |    21 |    77 |   147 ||   249
  Use: Potion            |     4 |     3 |     9 |    13 ||    29
       Scroll            |     5 |     6 |     9 |     6 ||    26
  Eat: Chunk             |     2 |       |     1 |       ||     3
       Ration            |     1 |     2 |     5 |     8 ||    16
Armor: Scale mail        |    45 |    53 |   304 |   370 ||   772
       Skin              |       |       |       |     2 ||     2
Dodge: Dodged            |    24 |    36 |   190 |   283 ||   533
Block: Shield            |    57 |    55 |   333 |   491 ||   936
